[Event "Early-Titled-Tuesday-Blitz-February-06-2024"]
[Site "Chess.com"]
[Date "2024.02.06"]
[Round "6"]
[White "ChampStan"]
[Black "carloseduar100"]
[Result "0-1"]
[WhiteElo "2115"]
[BlackElo "2310"]
[TimeControl "180+1"]
[EndTime "9:08:39 PST"]
[Termination "carloseduar100 won on time"]

1. e4 e6 2. d4 d5 3. exd5 exd5 4.
Nf3 Bd6 5. Bd3 Ne7 6. O-O O-O 7. Ng5 h6 8. Qh5 Bf5 9. Bxf5 Nxf5 10. Nf3 Qf6 11.
Be3 Nd7 12. Nc3 c6 13. Qh3 Rfe8 14. Rae1 Nf8 15. Nd1 Ng6 16. Qg4 Re4 17. Qh3 Rae8 18.
Nc3 R4e6 19. Nd1 Bf4 20. Qg4 Bxe3 21. fxe3 Nxe3 22. Nxe3 Rxe3 23. Rxe3 Rxe3 24. Qc8+ Nf8 25. Qxb7 Re7 26. Qa6 Ng6 27. Qc8+ Kh7 28. Qa6 Nf4 29. Ne5 Qg5 30. g3 Nh3+ 31. Kg2 f6 32. Qd3+ Kg8 33.
Ng6 Re4 34. Kxh3 Qxg6 35. Kg2 Qg4 36. c3 Qe2+ 37. Qxe2 Rxe2+ 38. Rf2 Rxf2+ 39. Kxf2 Kf7 40. Kf3 Ke6 41. Kf4 f5 42. h4 Kf6 43. a4 g5+ 44.
hxg5+ hxg5+ 45. Kf3 Ke6 46. b3 Kd6 47. Ke3 c5 48.
dxc5+ Kxc5 49. Kd3 a5 50. Ke3 Kc6 51. Kd4 Kd6 52. b4 axb4 53. cxb4 Kc6 0-1

[Event "Early-Titled-Tuesday-Blitz-February-06-2024"]
[Site "Chess.com"]
[Date "2024.02.06"]
[Round "6"]
[White "Kotlyar_K"]
[Black "Boundless_Strike"]
[Result "1-0"]
[WhiteElo "2490"]
[BlackElo "2656"]
[TimeControl "180+1"]
[EndTime "9:08:41 PST"]
[Termination "Kotlyar_K won on time"]

1. d4 e6 2. c4 f5 3. g3 Nf6 4. Bg2 d5 5. Qc2 Be7 6. Nh3 Nc6 7. e3 O-O 8. O-O Ne4 9. Nd2 Bd7 10. Nf4 Nb4 11.
Qb3 c6 12. a3 Na6 13. Nxe4 fxe4 14. Qxb7 Nc7 15. Qb3 Kh8 16. Bd2 Rb8 17. Qc2 g5 18.
Ne2 Be8 19. g4 h5 20. f3 exf3 21. Bxf3 hxg4 22. Bxg4 Kg7 23. Ng3 Bg6 24. e4 Bd6 25. Qc1 Bxg3 26. hxg3 Bxe4 27. Rxf8 Qxf8 28. Bxg5 Qh8 29.
Bh4 Qh6 30. b4 Rf8 31. Qxh6+ Kxh6 32. Rc1 dxc4 33. Rxc4 Bd5 34. Rc2 Nb5 35. Rh2 Kg6 36.
Rd2 Nxa3 37. Be2 Nc4 38. Bd3+ Kg7 39. Ra2 Rf7 40. Bg5 Nd6 41. Rh2 Nf5 42. Bf4 Rb7 43.
Be5+ Kg8 44. g4 Ng7 45. Rh7 Rf7 46. Rh6 Rb7 47. Rg6 Kf8 48. Rf6+ Kg8 49. Bd6 Rf7 50. Rg6 Rd7 51. Be5 Rf7 52. Rg5 Kf8 53. Rg6 Ne8 54. Rh6 Rf3 55. Bg6 1-0

[Event "Early-Titled-Tuesday-Blitz-February-06-2024"]
[Site "Chess.com"]
[Date "2024.02.06"]
[Round "6"]
[White "Atousa"]
[Black "NFChess13"]
[Result "1/2-1/2"]
[WhiteElo "2476"]
[BlackElo "2657"]
[TimeControl "180+1"]
[EndTime "9:08:42 PST"]
[Termination "Game drawn by repetition"]

1. e4 e5 2. Nf3 Nf6 3. Nxe5 d5 4. exd5 Qxd5 5. d4 Nc6 6. Nxc6 Qxc6 7. Nc3 Bb4 8. Qe2+ Be6 9. Qb5 Qxb5 10. Bxb5+ c6 11. Bd3 O-O-O 12. O-O Rhe8 13. Ne2 Bg4 14. f3 Bh5 15. c3 Ba5 16. Nf4 Bg6 17. Nxg6 hxg6 18.
Bc4 Re7 19. Bf4 b5 20. Bb3 Bb6 21. Rfe1 Rde8 22. Kf1 Nd5 23. Bxd5 cxd5 24. Rxe7 Rxe7 25. Re1 Kd7 26. Rxe7+ Kxe7 27. Ke2 Ke6 28. Kd3 Kd7 29. b3 Kc6 30. c4 Bd8 31. Be5 f6 32. cxb5+ Kxb5 33. Bd6 g5 34. Bf8 g6 35. a4+ Kc6 36. b4 a6 37. g3 f5 38. Kc3 Bf6 39. Bc5 Bd8 40. Kd3 Bf6 41. Bf8 Bd8 42. Bg7 Be7 43. Kc3 Bd8 44. Be5 Be7 45. g4 Bd8 46. Kb3 Be7 47.
Bg7 Bd8 48. Bf8 Bf6 49. Bc5 Bd8 50. Kc3 Bf6 51. Kd3 Bd8 52. Ke3 Bc7 53. h3 Bf4+ 54.
Ke2 Bc1 55. Kf2 Bf4 56. Kg2 Bc1 57. Kf2 Bf4 58. Be7 Bc1 59. h4 gxh4 60. Kg2 fxg4 61. fxg4 g5 62. Kh3 Bd2 63. Bc5 Be3 64. Kg2 Bf4 65. Kh3 Bc7 66. Kg2 Kd7 67. Kh3 Kc6 68.
Be7 Bf4 69. Bc5 Be3 70. Kg2 Bc1 71. Kh3 Ba3 72. Kg2 Bc1 73. Kh3 Bd2 74. Kg2 Bf4 75. Kh3 1/2-1/2

[Event "Early-Titled-Tuesday-Blitz-February-06-2024"]
[Site "Chess.com"]
[Date "2024.02.06"]
[Round "6"]
[White "Marcan2b"]
[Black "mjray79"]
[Result "1-0"]
[WhiteElo "3015"]
[BlackElo "2724"]
[TimeControl "180+1"]
[EndTime "9:08:43 PST"]
[Termination "Marcan2b won on time"]

1. d4 d5 2. Nf3 Nf6 3. Bf4 e6 4. Nbd2 Bd6 5. Bg5 Nbd7 6. e4 dxe4 7. Nxe4 Be7 8. Nxf6+ Nxf6 9. Bd3 O-O 10. Qe2 a6 11. O-O-O Rb8 12. Ne5 Bd7 13. h4 Nd5 14. Kb1 Be8 15. Bc1 f6 16. Ng4 Bf7 17. h5 b5 18.
Rh3 Nb4 19. Rg3 Kh8 20. h6 g6 21. Rf3 Nxd3 22. Rdxd3 Bg8 23. b3 Qd5 24. Bb2 Qh5 25. d5 e5 26. Nxe5 Rbe8 27. g4 Qxh6 28. Rde3 Qh1+ 29.
Qe1 Qxe1+ 30. Rxe1 Bb4 31. Ree3 fxe5 32. Rxf8 Bxf8 33.
Bxe5+ Rxe5 34. Rxe5 Kg7 35. c4 Bf7 36. Kc2 Bd6 37. Re3 g5 38. Kd3 Bc5 39. Re5 Bg6+ 40. Kc3 Kf6 41. Re6+ Kf7 42. Rc6 Bd6 43. c5 Be5+ 44. Kb4 Bf4 45. Rxa6 Be4 46. d6 Bd2+ 47. Ka3 cxd6 48. Rxd6 Bc3 49. b4 Be5 50. Rd1 Bf3 51. Re1 Bd4 52. Kb3 Bxg4 53. a4 Be6+ 54. Ka3 bxa4 55.
Kxa4 Bxf2 56. Rf1 g4 57. Rxf2+ Kg6 58. c6 h5 59. b5 h4 60. b6 g3 61. Re2 Kf5 62. b7 1-0

[Event "Early-Titled-Tuesday-Blitz-February-06-2024"]
[Site "Chess.com"]
[Date "2024.02.06"]
[Round "6"]
[White "Nick12772"]
[Black "KhungThep"]
[Result "0-1"]
[WhiteElo "2397"]
[BlackElo "2587"]
[TimeControl "180+1"]
[EndTime "9:08:44 PST"]
[Termination "KhungThep won by checkmate"]

1. Nf3 Nf6 2. g3 g6 3. Bg2 Bg7 4. O-O O-O 5. c4 c5 6. d4 cxd4 7. Nxd4 Nc6 8. Nc2 d6 9. Nc3 Be6 10. b3 Qa5 11. Bb2 Qh5 12. Ne3 Bh3 13. Qd2 Bxg2 14. Kxg2 Rad8 15. Ncd5 Nxd5 16. Nxd5 Bxb2 17. Qxb2 Qe5 18. Qxe5 dxe5 19. Rfd1 f6 20. e3 Kf7 21.
h4 Rd7 22. Kf1 Rfd8 23. Ke2 e4 24. Nc3 f5 25. Nd5 Ne5 26. Nf4 Nf3 27. Rxd7 Rxd7 28.
Rd1 Rxd1 29. Kxd1 h6 30. Nd5 Ne5 31. a3 Nd3 32. b4 Nxf2+ 33. Ke2 Nd3 34. c5 g5 35.
hxg5 hxg5 36. Nc3 Ne5 37. Nb5 a6 38. Nd4 e6 39. a4 Nd3 40. b5 axb5 41. axb5 Nxc5 42.
Nc2 Ke7 43. Na3 Kd6 44. Nc4+ Kc7 45. Kd2 Nd3 46. Kc3 e5 47. Kd2 Kd7 48. Ke2 Ke6 49.
Kd2 Kd5 50. Nb6+ Kc5 51. Nd7+ Kxb5 52. Nf8 Kc4 53. Ne6 g4 54. Ng7 f4 55. exf4 exf4 56.
gxf4 Nxf4 57. Nf5 Nd5 58. Nd6+ Kd4 59. Nxb7 e3+ 60. Ke2 Nc3+ 61. Ke1 g3 62. Nd6 g2 63. Nf5+ Kd3 64. Nxe3 g1=Q+ 65. Nf1 Qd4 66. Ng3 Qe3+ 67.
Kf1 Ne4 68. Kg2 Qxg3+ 69. Kh1 Nf2# 0-1

[Event "Early-Titled-Tuesday-Blitz-February-06-2024"]
[Site "Chess.com"]
[Date "2024.02.06"]
[Round "6"]
[White "AttilaTurzo"]
[Black "Shivagami"]
[Result "1-0"]
[WhiteElo "2458"]
[BlackElo "2231"]
[TimeControl "180+1"]
[EndTime "9:08:45 PST"]
[Termination "AttilaTurzo won by resignation"]

1. d4 Nf6 2. Bf4 c5 3. e3 Qb6 4. Nc3 d6 5. a3 g6 6. Nf3 Bg7 7. Be2 O-O 8. O-O Nc6 9. d5 Nb8 10. e4 Bg4 11. Rb1 Nbd7 12. Nd2 Bxe2 13. Qxe2 Qd8 14.
Nc4 a6 15. a4 Rb8 16. a5 b5 17. axb6 Nxb6 18. Na3 Qc8 19. h3 Nfd7 20. Qd2 Ne5 21. b3 Rd8 22. Ne2 e6 23. c4 exd5 24. cxd5 Re8 25. Rfe1 Rb7 26. Nc3 Qb8 27. Qc2 Nbd7 28. Nc4 Rb4 29. Bxe5 Nxe5 30. Na2 Rb7 31. Na5 Rb5 32.
Nc4 Qc7 33. f4 Nd7 34. Nc3 Rb4 35. e5 dxe5 36. d6 Qb7 37. f5 Rb8 38. fxg6 hxg6 39. Na5 Qb6 40. Nc4 Qa7 41. Red1 a5 42. Nd5 R4b5 43. Ne7+ Kh7 44. Nc6 Qb7 45. Nxb8 Qxb8 46. Qd3 Qb7 47. Qd5 Qxd5 48. Rxd5 a4 49. Rd3 e4 50. Rdd1 Bd4+ 51. Kf1 axb3 52. Ke2 b2 53. Rd2 Rb4 54. Nxb2 c4 55. Rxd4 Nc5 56. Rxc4 Rb3 57. Rxc5 Rb6 58. Rd5 1-0

[Event "Early-Titled-Tuesday-Blitz-February-06-2024"]
[Site "Chess.com"]
[Date "2024.02.06"]
[Round "6"]
[White "Nuvas"]
[Black "yobdc"]
[Result "0-1"]
[WhiteElo "2772"]
[BlackElo "2601"]
[TimeControl "180+1"]
[EndTime "9:08:46 PST"]
[Termination "yobdc won by resignation"]

1. d4 Nf6 2. c4 g6 3. g3 Bg7 4. Bg2 O-O 5. Nc3 c5 6. Nf3 cxd4 7. Nxd4 Qc7 8. O-O Qxc4 9. Ncb5 Na6 10. b3 Qc5 11.
Ba3 Qe5 12. f4 Qe3+ 13. Kh1 Ng4 14. Rf3 Qxf3 15. Bxf3 Nf2+ 16. Kg2 Nxd1 17. Rxd1 d6 18. e4 Rd8 19. Nc3 Be6 20. g4 Rac8 21. Bb2 Nc5 22. f5 Bd7 23. Nd5 Kf8 24. g5 Be5 25. f6 exf6 26. Nxf6 Bc6 27. Nxh7+ Kg7 28. Nf6 Rh8 29. h3 Rh4 30. Ng4 Bxe4 31. Rd2 Bxf3+ 32. Nxf3 Bxb2 33. Nxh4 Bc1 34. Rxd6 Bxg5 35. Nf3 Be7 36. Rd2 Ne4 37. Re2 f5 38. Nf2 Bf6 39. Nxe4 fxe4 40. Rxe4 Rc2+ 41.
Kg3 Rxa2 42. h4 Rb2 43. Re3 a5 44. Rd3 b5 45. Rd7+ Kh6 46. Rd6 Kg7 47. Rd7+ Kf8 48. Rd6 Ke7 49. Rd3 a4 50. bxa4 bxa4 51. Ra3 Rb4 52. Kg2 Bb2 53. Re3+ Kf8 54. Ne1 a3 55. Nc2 a2 56. Rf3+ Kg7 57. Rf1 Ra4 58. Rf3 Rxh4 59. Rb3 a1=Q 60. Nxa1 Bxa1 61. Rb7+ Kh6 62. Rb1 Bf6 63.
Kg3 Ra4 64. Rh1+ Kg7 65. Rb1 Be5+ 66. Kg2 Kf6 67. Rb5 Kf5 68. Rb7 g5 69. Rb3 g4 70.
Rd3 Ra2+ 71. Kg1 Ke4 72. Rb3 Bf4 73. Rb4+ Kf3 74. Kf1 Ra1+ 0-1

[Event "Early-Titled-Tuesday-Blitz-February-06-2024"]
[Site "Chess.com"]
[Date "2024.02.06"]
[Round "6"]
[White "Cambek64"]
[Black "Leonid_Starozhilov"]
[Result "0-1"]
[WhiteElo "2511"]
[BlackElo "2717"]
[TimeControl "180+1"]
[EndTime "9:08:48 PST"]
[Termination "Leonid_Starozhilov won on time"]

1. Nf3 Nf6 2. b3 d5 3. Bb2 Bg4 4. Ne5 Bf5 5. d3 e6 6. Nd2 h6 7.
g3 Nbd7 8. Ndf3 c6 9. Bg2 a5 10. a3 Be7 11. O-O O-O 12. c4 Bh7 13. Qc2 Nxe5 14. Nxe5 Nd7 15. Nxd7 Qxd7 16. c5 Rfe8 17. Rfc1 Bf8 18. b4 e5 19. e4 d4 20. f4 f5 21.
exf5 Qxf5 22. Be4 Qg4 23. fxe5 Bxe4 24. dxe4 Rxe5 25. Re1 Rae8 26. Bxd4 Rxe4 27. Bf2 axb4 28. axb4 Rxe1+ 29. Rxe1 Rxe1+ 30. Bxe1 Be7 31. Qd3 Bf6 32. Kg2 h5 33. h3 Qe6 34. Bd2 Kf7 35. Qf3 g6 36. Qd3 Ke7 37. Qf3 Qa2 38. Qe4+ Kf7 39.
Qd3 Bg5 40. Qd7+ Be7 41. Qd3 Qe6 42. Qf3+ Ke8 43. Qd3 Bf6 44. Qf3 Kd7 45. Qf4 Kc8 46. Qf3 Be7 47. Qd3 Kb8 48. Bc3 Kc8 49. Qd4 Qf5 50. Qd2 Qe6 51. Qd3 Bd8 52. Qd2 Bc7 53. Qd3 Qd7 54. Qxd7+ Kxd7 55. Kf3 Ke6 56. g4 Kd5 57. gxh5 gxh5 58. Ke3 Kc4 59. Be1 Be5 0-1

[Event "Early-Titled-Tuesday-Blitz-February-06-2024"]
[Site "Chess.com"]
[Date "2024.02.06"]
[Round "6"]
[White "aghasiyevkamal"]
[Black "Der_Balak_3Halak"]
[Result "1/2-1/2"]
[WhiteElo "2649"]
[BlackElo "2507"]
[TimeControl "180+1"]
[EndTime "9:08:49 PST"]
[Termination "Game drawn - insufficient material"]

1. d4 d5 2. c4 c6 3. Nc3 Nf6 4.
cxd5 cxd5 5. Bf4 a6 6. e3 Nc6 7.
Bd3 e6 8. h3 Bd6 9. Nf3 O-O 10.
O-O Bxf4 11. exf4 Bd7 12. Rc1 Rc8 13. Bb1 b5 14. Ne5 Qb6 15. Qd3 g6 16. Rfd1 Rc7 17.
h4 Rfc8 18. Qe3 Ne8 19. h5 Nd6 20. Ng4 Ne8 21. f5 Ne7 22. fxg6 hxg6 23. hxg6 Nxg6 24. Bxg6 fxg6 25. Qh6 b4 26. Qxg6+ Ng7 27. Nh6+ Kh8 28. Rd3 Be8 29. Qg5 bxc3 30. bxc3 Qb2 31. Rh3 Bh5 32. g4 Rxc3 33. Rcxc3 Rxc3 34. Rxc3 Qxc3 35. gxh5 Qe1+ 36. Kg2 Qe4+ 37. Kh2 Qxd4 38. Nf7+ Kg8 39. Ne5 Qxf2+ 40. Kh3 Qf1+ 41. Kh2 Qe2+ 42. Kg1 Qxh5 43. Qd8+ Kh7 44. Nd7 Qg4+ 45. Kf2 Qf4+ 46. Kg1 Qg4+ 47.
Kh2 Qh5+ 48. Kg1 Qg6+ 49. Kh2 Qc2+ 50. Kg1 Nh5 51. Qe7+ Kh6 52. Qxe6+ Qg6+ 53. Qxg6+ Kxg6 54. Nc5 a5 55. Kf2 Kf5 56. Ke3 Ke5 57. Kd3 Nf4+ 58. Kd2 Kd4 59. Nb3+ Ke4 60. Nxa5 d4 61. Nb3 Nd5 62.
Nc5+ Ke5 63. a4 Nb4 64. a5 Kd5 65. Nd3 Nxd3 66. Kxd3 Kc5 67. a6 Kb6 68. Kxd4 Ka7 69. Kc5 Kxa6 1/2-1/2

[Event "Early-Titled-Tuesday-Blitz-February-06-2024"]
[Site "Chess.com"]
[Date "2024.02.06"]
[Round "6"]
[White "AlexTruskavetsky"]
[Black "shimastream"]
[Result "0-1"]
[WhiteElo "2720"]
[BlackElo "3015"]
[TimeControl "180+1"]
[EndTime "9:08:51 PST"]
[Termination "shimastream won by resignation"]

1. d4 b6 2. e4 Bb7 3. Nc3 e6 4. Nf3 Bb4 5. Bd3 Nf6 6. Qe2 d5 7. exd5 Qxd5 8. a3 Bxc3+ 9. bxc3 Nbd7 10. Bf4 c5 11. O-O O-O 12. Rad1 Qh5 13. Ne5 Qxe2 14. Bxe2 Nxe5 15. Bxe5 Rfc8 16. c4 Nd7 17. Bg3 cxd4 18. Rxd4 Nc5 19. Rfd1 Kf8 20. Bd3 h6 21. f3 Ke8 22.
Be5 g6 23. Bf6 Bc6 24. Rh4 h5 25. Kf2 Nd7 26. Bc3 Ke7 27. g4 hxg4 28. Rxg4 Nc5 29. Rf4 Nd7 30. Re1 Rg8 31. Bb4+ Nc5 32. Bc3 f5 33. h4 Raf8 34. Rg1 Kf7 35. Rd4 Rd8 36. Rxd8 Rxd8 37. Ke3 Rg8 38. Bd4 Nd7 39. f4 Nf6 40. Be2 Rh8 41. Rg5 Rxh4 42. Rg3 Ne4 43. Rf3 Nd6 44.
Rg3 Ne4 45. Rf3 Rh2 46. Bd3 Nf6 47. Bxf6 Bxf3 48. Be5 Bc6 49. Bb8 a6 50. Bc7 b5 51.
cxb5 axb5 52. c4 bxc4 53. Bxc4 Rh3+ 54. Kd4 Rxa3 55. Ke5 Re3+ 56. Kd6 Bd5 57. Bxd5 exd5 58. Kxd5 Re4 59. Bd6 Kg8 60. Be5 Kh7 61. Ke6 Kh6 62. Kf6 Kh5 63. Bd6 Kg4 64. Bc7 Rxf4 65. Kxg6 Rc4 66. Be5 f4 67. Bb8 f3 68. Ba7 Ra4 69. Bc5 Ra2 0-1

[Event "Early-Titled-Tuesday-Blitz-February-06-2024"]
[Site "Chess.com"]
[Date "2024.02.06"]
[Round "6"]
[White "xberli"]
[Black "Janosik"]
[Result "1/2-1/2"]
[WhiteElo "2570"]
[BlackElo "2861"]
[TimeControl "180+1"]
[EndTime "9:08:53 PST"]
[Termination "Game drawn by repetition"]

1. d4 d5 2. c4 e6 3. Nf3 Nf6 4. g3 Bb4+ 5. Bd2 Bd6 6. Bg2 c6 7. O-O Nbd7 8. Qc2 O-O 9. Nc3 dxc4 10. a4 e5 11. dxe5 Nxe5 12. Rad1 Nxf3+ 13. Bxf3 Qe7 14. Bg5 Be5 15. Bg2 h6 16. Be3 Be6 17. Bd4 Bxd4 18. Rxd4 Rad8 19. Rfd1 Rxd4 20. Rxd4 Rd8 21. Qd2 Rxd4 22.
Qxd4 Qb4 23. Qd8+ Kh7 24. Qd2 Nd5 25. Be4+ Kg8 26. Kg2 a5 27. f4 Qc5 28. Bf3 Ne3+ 29. Kh1 Bd5 30. Ne4 Qb6 31. g4 Kf8 32. h3 Ke7 33. Nc3 Bxf3+ 34. exf3 f6 35. f5 Qc5 36. Qe2 Qe5 37. Ne4 Nd5 38. Qxc4 Qxb2 39. Qc5+ Ke8 40. Qd6 Qc1+ 41. Kg2 Ne3+ 42. Kf2 Nd1+ 43. Kg2 Qb2+ 44. Kh1 Nf2+ 45. Nxf2 Qxf2 46. Qb8+ Kd7 47. Qxb7+ Kd6 48. Qb8+ Kd5 49. Qd8+ Kc4 50. Qd1 Kb4 51. Qc1 Qxf3+ 52.
Kh2 Qf2+ 53. Kh1 Qf3+ 54. Kh2 Qc3 55. Qb1+ Kxa4 56. Qa2+ Kb5 57. Qb1+ Qb4 58. Qf1+ Qc4 59. Qb1+ Ka6 60. Qb8 a4 61. Qa8+ Kb5 62. Qb7+ Kc5 63. Qxg7 Qc2+ 64. Kg3 Qc3+ 65. Kg2 a3 66. Qxh6 a2 67.
Qf8+ Kb5 68. Qb8+ Kc5 69. Qf8+ Kb6 70. Qb8+ Kc5 71. Qf8+ 1/2-1/2

[Event "Early-Titled-Tuesday-Blitz-February-06-2024"]
[Site "Chess.com"]
[Date "2024.02.06"]
[Round "6"]
[White "jaskol95"]
[Black "Matols"]
[Result "1-0"]
[WhiteElo "2599"]
[BlackElo "2402"]
[TimeControl "180+1"]
[EndTime "9:08:58 PST"]
[Termination "jaskol95 won on time"]

1. e4 c6 2. d4 d5 3. e5 c5 4. dxc5 e6 5. a3 Bxc5 6. b4 Be7 7. Bb2 f6 8. Nf3 a5 9. b5 Nd7 10. Bd3 fxe5 11. Nxe5 Ngf6 12. Qf3 O-O 13. Qh3 Nc5 14. O-O Nxd3 15. cxd3 d4 16. Nd2 Qd5 17. Ndc4 Qxb5 18. Bxd4 Ra6 19. Ne3 Rd6 20. Rab1 Qe8 21. Bc5 Rd8 22. Bb6 Bxa3 23. Bxa5 Rd4 24. Bc3 Ra4 25. N3c4 Bc5 26. Nb6 Ra3 27. Nxc8 Rxc3 28. Nb6 Nd5 29. Nxd5 exd5 30. Nd7 Rxf2 31. Nxc5 Rxf1+ 32. Rxf1 Rxc5 33. Qf5 Rc2 34. d4 Re2 35. Qxd5+ Kh8 36. Qxb7 Re1 37.
Qf3 h6 38. h3 Re2 39. d5 Rd2 40. Kh1 Qd8 41. Rd1 Ra2 42. Kh2 Qd6+ 43. Kh1 Ra8 44.
Qe4 Rd8 45. Rd2 Rf8 46. Kg1 Rd8 47. Qd4 Rf8 48. Re2 Rd8 49. Re5 Rf8 50. Qe4 Rd8 51. Kh2 Rf8 52. Kg1 Rd8 53. Kh1 Rf8 54. Re8 Rxe8 55. Qxe8+ Kh7 56. Qe4+ Kh8 57. Kg1 Qc5+ 58.
Kf1 Qc1+ 59. Ke2 Qb2+ 60. Kf3 Qc3+ 61. Kg4 Qc8+ 62. Qe6 Qc4+ 63. Kf5 Qd3+ 64. Ke5 Qe2+ 65. Kd6 Qa6+ 66. Ke7 Qb7+ 67. Qd7 Qb4+ 68. d6 Qe4+ 69. Qe6 Qb7+ 70. d7 Qb4+ 71. Ke8 1-0

[Event "Early-Titled-Tuesday-Blitz-February-06-2024"]
[Site "Chess.com"]
[Date "2024.02.06"]
[Round "6"]
[White "DeArron_Fox"]
[Black "Aslanov_Umid"]
[Result "0-1"]
[WhiteElo "2490"]
[BlackElo "2678"]
[TimeControl "180+1"]
[EndTime "9:09:00 PST"]
[Termination "Aslanov_Umid won by resignation"]

1. d4 d5 2. c4 c6 3. Nc3 Nf6 4. e3 e6 5. Nf3 Nbd7 6. Qc2 Bd6 7.
Bd3 O-O 8. O-O Re8 9. e4 dxe4 10. Nxe4 Nxe4 11. Bxe4 Nf6 12. Bg5 h6 13. Bh4 Qa5 14.
Bxf6 gxf6 15. Rfe1 Qh5 16. h3 Bd7 17. Nd2 f5 18.
Bf3 Qg5 19. Nf1 c5 20. Rad1 Red8 21. Bxb7 Rab8 22. dxc5 Bxc5 23. Bf3 Be8 24. a3 a5 25. Qc3 Ba4 26. Rxd8+ Qxd8 27. Ng3 Bd4 28. Qc1 Rxb2 29. Re2 Rxe2 30. Nxe2 Bg7 31. g3 Qc7 32. Kg2 Qc5 33. Qd2 Bb3 34. Qd8+ Kh7 35. Qa8 Bxc4 36. Qb7 Bd5 37. Bxd5 Qxd5+ 38. Qxd5 exd5 39. Kf3 Bb2 40. a4 Be5 41. Nf4 d4 42. Nd3 Bd6 43. Nc1 Kg6 44. Nb3 d3 45. Nxa5 d2 46. Ke2 f4 47. g4 f3+ 48.
Kxd2 Bb4+ 49. Ke3 Bxa5 50. Kxf3 Kg5 51. Kg2 Bc7 52. f3 Kf4 53. h4 Bd8 54. g5 hxg5 55. h5 Kf5 56. Kg3 Bc7+ 57. Kh3 Kf4 58. h6 Kf5 59. h7 Be5 60. a5 Kg6 61. Kg4 f5+ 62.
Kh3 Kxh7 63. Kg2 Bd4 64. a6 Kg6 65. f4 g4 66. Kf1 Kf6 67. Ke2 Ke6 68. Kd3 Kd5 69.
Ke2 Ba7 70. Kd3 Bb6 71. Kc3 Ke4 72. Kc4 Kxf4 73. Kb5 Be3 74. Kc6 Kf3 75. Kb7 g3 76. a7 Bxa7 77. Kxa7 g2 78. Kb7 g1=Q 0-1

[Event "Early-Titled-Tuesday-Blitz-February-06-2024"]
[Site "Chess.com"]
[Date "2024.02.06"]
[Round "6"]
[White "atomicmate123"]
[Black "Irina_Mikhaylova"]
[Result "1-0"]
[WhiteElo "2286"]
[BlackElo "2318"]
[TimeControl "180+1"]
[EndTime "9:09:01 PST"]
[Termination "atomicmate123 won by checkmate"]

1. e4 c5 2. Nf3 Nc6 3. d4 cxd4 4. Nxd4 e5 5. Nb5 d6 6. N1c3 a6 7. Na3 b5 8. Nd5 Nge7 9. c3 Nxd5 10. exd5 Ne7 11.
c4 b4 12. Qa4+ Bd7 13. Qxb4 Nf5 14. Qc3 Be7 15. Bd3 O-O 16. O-O Bf6 17. Qc2 Nd4 18. Qd1 Bg5 19. Qh5 h6 20. Bxg5 Qxg5 21. Qxg5 hxg5 22.
Nc2 Nxc2 23. Bxc2 f5 24. f3 Rfb8 25. b3 a5 26. a4 Kf7 27. Rae1 Kf6 28. Re2 Rh8 29.
h3 Rh4 30. Kh2 Rah8 31. Kg3 Rb8 32. Kf2 g6 33. Kg3 Rbh8 34. Kf2 Rb8 35. Kg3 Rd4 36. Rd1 Rf4 37. Kh2 Rh4 38. Kg3 Rhh8 39. Kf2 g4 40.
fxg4 fxg4 41. Kg3 gxh3 42. Rf1+ Ke7 43. gxh3 Rxh3+ 44. Kg2 Rbh8 45. Kf2 Bf5 46. Ke1 Rh2 47. Rxh2 Rxh2 48. Bxf5 gxf5 49. Rxf5 Rh3 50. Rg5 Rxb3 51. Rg7+ Kf6 52. Rd7 e4 53. Rxd6+ Ke5 54. Re6+ Kf4 55.
d6 Ke3 56. Kf1 Rd3 57. c5 Kf3 58. Rf6+ Ke3 59. c6 Rd1+ 60. Kg2 Rd2+ 61. Kg3 Rd1 62. c7 Rc1 63. d7 Rxc7 64. d8=Q Rc3 65. Qb6+ Kd2+ 66.
Kg4 Rd3 67. Qb2+ Ke3 68. Qf2# 1-0

[Event "Early-Titled-Tuesday-Blitz-February-06-2024"]
[Site "Chess.com"]
[Date "2024.02.06"]
[Round "6"]
[White "elchacal664"]
[Black "HanSchut"]
[Result "1/2-1/2"]
[WhiteElo "2451"]
[BlackElo "2257"]
[TimeControl "180+1"]
[EndTime "9:09:03 PST"]
[Termination "Game drawn by repetition"]

1. e4 c5 2. Nc3 Nc6 3. Bc4 Nf6 4. f4 e6 5. d3 d5 6. Bb3 c4 7. dxc4 dxe4 8. Be3 Qxd1+ 9. Rxd1 Bb4 10. Bd2 O-O 11. Nge2 e5 12. Nd5 Bxd2+ 13. Rxd2 Nxd5 14. cxd5 Na5 15. fxe5 Nxb3 16. axb3 Re8 17. d6 Bd7 18. Kf2 Rxe5 19.
Ke3 f5 20. g3 Rc8 21. c4 b5 22. Rc1 Rec5 23. Rdc2 Be6 24. Nd4 Kf7 25. Nxb5 a6 26. Nc7 a5 27. Rd2 g5 28. Rcd1 a4 29. Nxe6 Kxe6 30. d7 Rd8 31. Rd6+ Ke7 32. bxa4 Rxc4 33. R1d4 Rxd4 34. Rxd4 Rxd7 35. Rxd7+ Kxd7 36. g4 f4+ 37. Kxe4 Kc6 38. h4 h6 39. hxg5 hxg5 40. b4 Kb6 41. Kd4 Kc6 42. Kc4 Kb6 43. a5+ Ka6 44.
Kd4 Kb5 45. Ke4 Ka6 46. Kf3 Kb5 47. Ke2 Ka6 48. Kd3 Kb5 49. Kd2 Ka6 50. Ke2 Kb5 51. Kf3 Ka6 52. Ke4 Kb5 53. Kd3 Ka6 54. Kc4 Kb7 55. b5 Ka7 56. a6 Kb6 57. Kd3 Ka7 58.
Ke2 Kb6 59. Kf3 Ka7 60. Ke4 Kb6 61. Kd4 Ka7 62. Kd3 Kb6 63. Ke2 Ka7 64. Kf3 Kb6 65. Kf2 Ka7 66. Kg2 Kb6 67. Kf3 Ka7 68. Ke4 Kb6 69.
Kd4 Ka7 70. Kd3 Kb6 71. Ke2 Ka7 72. Kf3 Kb6 73. Ke4 Ka7 74. Kd4 Kb6 75. Kd3 Ka7 76. Kd2 Kb6 77. Kd1 Ka7 78. Ke1 Kb6 79. Kf1 Ka7 80. Kg1 Kb6 81. Kh1 Ka7 82. Kh2 Kb6 83. Kh3 Ka7 84. Kg2 Kb6 85. Kf3 1/2-1/2

[Event "Early-Titled-Tuesday-Blitz-February-06-2024"]
[Site "Chess.com"]
[Date "2024.02.06"]
[Round "6"]
[White "JonasEilenberg"]
[Black "IMRosen"]
[Result "1/2-1/2"]
[WhiteElo "2535"]
[BlackElo "2692"]
[TimeControl "180+1"]
[EndTime "9:09:05 PST"]
[Termination "Game drawn - insufficient material"]

1. e4 c5 2. Nf3 Nc6 3. Bc4 e6 4. O-O a6 5. d4 cxd4 6. Nxd4 Qc7 7. Bb3 Nf6 8. Nc3 Nxd4 9. Qxd4 Bd6 10. h3 b5 11. Qd3 Bb7 12. Re1 O-O 13. Bg5 Bh2+ 14. Kh1 Be5 15. Rad1 Rac8 16. Bxf6 Bxf6 17. Qxd7 Bxc3 18.
bxc3 Bc6 19. Qxc7 Rxc7 20. Rd6 Rfc8 21. Red1 Kf8 22. f3 Ke7 23. c4 bxc4 24. Bxc4 Bxe4 25. Bxa6 Bxc2 26. Bxc8 Bxd1 27. Rxd1 Rxc8 28. Rd2 Rc1+ 29. Kh2 Ra1 30. Kg3 e5 31. Kf2 Ke6 32. Ke3 f5 33. Rb2 f4+ 34. Kf2 Kf5 35. Ke2 h6 36. Kf2 g6 37.
Ke2 Rg1 38. Kf2 Ra1 39. Ke2 Kg5 40. Kf2 Kh4 41. Re2 g5 42. Rb2 h5 43. Re2 g4 44. hxg4 hxg4 45. fxg4 Kxg4 46. Rxe5 Rxa2+ 47. Kg1 Ra1+ 48. Kh2 Ra2 49. Kg1 Kh4 50. Rb5 Rc2 51. Rb3 Kg4 52. Kh2 Rd2 53. Kg1 Rd7 54. Kh2 Rh7+ 55.
Kg1 Rh6 56. Kf2 Re6 57. Kg1 Re5 58. Kh2 Re3 59. Rb8 Re5 60. Rb3 Rh5+ 61. Kg1 Rh8 62. Kf2 Rd8 63. Kg1 Kf5 64. Kf2 Kg4 65. Kg1 Rd6 66.
Kf2 Rd4 67. Kg1 Rc4 68. Kf2 Kf5 69. Kg1 Ke4 70. Kf2 Rc2+ 71. Kg1 Re2 72. Kf1 Re3 73. Rxe3+ Kxe3 74. Ke1 Ke4 75. Kf2 Kf5 76. g3 Kg4 77.
gxf4 Kxf4 1/2-1/2

[Event "Early-Titled-Tuesday-Blitz-February-06-2024"]
[Site "Chess.com"]
[Date "2024.02.06"]
[Round "6"]
[White "Flawless_Fighter"]
[Black "andrzej"]
[Result "1/2-1/2"]
[WhiteElo "2725"]
[BlackElo "2435"]
[TimeControl "180+1"]
[EndTime "9:09:06 PST"]
[Termination "Game drawn - insufficient material"]

1. e4 e5 2. Nf3 Nf6 3. Nc3 Bb4 4.
Nxe5 O-O 5. Nd3 Bxc3 6. dxc3 Nxe4 7. Be2 Re8 8. O-O d6 9. f3 Nf6 10. Bg5 h6 11. Bh4 Bf5 12. Qd2 Nbd7 13. Rae1 c6 14. Kh1 Qc7 15. c4 a5 16. b3 a4 17. Rd1 axb3 18.
axb3 Qa5 19. Qxa5 Rxa5 20. Rfe1 d5 21. cxd5 Nxd5 22. Bf1 Raa8 23. Bf2 Nc3 24. Ra1 Kf8 25. g4 Be6 26. Nf4 Bd5 27. Nxd5 Nxd5 28. c4 Nf4 29.
Bg3 g5 30. Kg1 Rxe1 31. Rxa8+ Re8 32. Ra7 Ne5 33. Kf2 Ned3+ 34. Bxd3 Nxd3+ 35. Kg2 b5 36. Rc7 Re6 37. cxb5 cxb5 38. Rb7 b4 39. h4 Re2+ 40. Kf1 Rb2 41. h5 Rxb3 42. Ke2 Nf4+ 43. Bxf4 gxf4 44.
Rb5 Re3+ 45. Kf2 b3 46. Rb4 Rc3 47. Rxf4 Rc2+ 48. Kg3 b2 49. Rb4 Kg7 50. Rb6 Rd2 51. Rb5 Rc2 52. Rb6 Rd2 53. f4 Rd3+ 54. Kh4 Rd2 55. g5 Rd4 56. Kg3 Rd2 57. Kg4 Rg2+ 58.
Kf5 Rc2 59. gxh6+ Kh7 60. Kg5 Rg2+ 61. Kf6 Rc2 62. Kxf7 Rf2 63. Ke7 Rxf4 64. Rxb2 Kxh6 65. Rb5 Rh4 66. Kf6 Rxh5 67. Rxh5+ Kxh5 1/2-1/2